 Dungeon Crawl Stone Soup version 0.22.1-1-ga44c0e56f4 (webtiles) character file.

99 Debik the Digger (level 4, -9/24 HPs)
             Began as a Gargoyle Earth Elementalist on Sept 28, 2018.
             Killed by divine providence
             ... invoked by an orc priest
              (12 damage)
             ... on level 3 of the Dungeon.
             The game lasted 00:04:29 (1870 turns).

Debik the Digger (Gargoyle Earth Elementalist)      Turns: 1870, Time: 00:04:29

Health: -9/24      AC:  8    Str: 11    XL:     4   Next: 72%
Magic:  2/8        EV: 12    Int: 17    God:
Gold:   52         SH:  0    Dex: 10    Spells: 4/8 levels left

rFire    . . .     SeeInvis .   h - -3 dagger (curse)
rCold    . . .     Gourm    .   (no shield)
rNeg     + . .     Faith    .   c - +0 robe
rPois    ∞         Spirit   .   (no helmet)
rElec    +         Reflect  .   n - +0 cloak
rCorr    .         Harm     .   g - +1 pair of gloves
MR       .....                  (no boots)
Stlth    ++........             (no amulet)
HPRegen  0.08/turn              (no ring)
MPRegen  0.11/turn              (no ring)

@: no status effects
A: negative energy resistance 1, electricity resistance, unbreathing,
petrification resistance, rot immunity, AC +3
a: no special abilities


You were on level 3 of the Dungeon.
You were not hungry.

You visited 1 branch of the dungeon, and saw 3 of its levels.

You collected 52 gold pieces.

Inventory:

Hand Weapons
 e - a +0 short sword
 h - a cursed -3 dagger (weapon)
Missiles
 b - 43 stones (quivered)
 k - a throwing net
Armour
 c - a +0 robe (worn)
 g - a +1 pair of gloves (worn)
 n - a +0 cloak (worn)
Jewellery
 j - a +1 ring of protection {unknown}
Scrolls
 f - a scroll of fear
 i - a scroll of teleportation
Potions
 a - a potion of lignification {unknown}
 l - a potion of haste {unknown}
 m - a potion of ambrosia {unknown}
Comestibles
 d - 5 rations


   Skills:
 + Level 0.2 Short Blades
 + Level 1.7 Dodging
 + Level 2.6 Stealth
 + Level 2.9 Spellcasting
   Level 0.7 Transmutations
 + Level 5.3 Earth Magic


You had 4 spell levels left.
You knew the following spells:

 Your Spells              Type           Power        Failure   Level  Hunger
a - Sandblast             Erth           ###...       1%          1    #......
e - Stone Arrow           Conj/Erth      ##....       19%         3    ###....

Your spell library contained the following spells:

 Spells                   Type           Power        Failure   Level  Hunger
 Passwall                 Tmut/Erth      ##......     8%          2    ##.....
 Petrify                  Tmut/Erth      ##......     45%         4    #####..
 Lee's Rapid Deconstruct  Erth           ###.......   50%         5    ######.


Dungeon Overview and Level Annotations

Branches:
Dungeon (3/15)

Altars:
Okawaru


Innate Abilities, Weirdness & Mutations

You are resistant to torment.
Your stone body is resilient. (AC +3)
You are immune to poison.
You resist negative energy. (rN+)
You are resistant to electric shocks. (rElec)
You can survive without breathing.
You are immune to petrification.
You are immune to rotting.


Message History

Casting: Sandblast (safe; 1% risk of failure)
Confirm with . or Enter, or press ? or * to list all spells.
Aiming: Sandblast (safe; 1% risk of failure)
Press: ? - help, Shift-Dir - straight line, f - orc priest
Aim: an orc priest, wielding a dagger The blast of sand misses the orc priest.
b - 43 stones The orc priest mumbles some strange prayers to Beogh against you.
Beogh smites you!
The orc priest invokes the aid of Beogh against you.
You barely resist.
You see here a pair of gloves.
The orc priest invokes the aid of Beogh against you.
Beogh smites you!
* * * LOW HITPOINT WARNING * * *
The orc priest is too close now for your liking.
The orc priest invokes the aid of Beogh against you.
Beogh smites you!
Ouch! That really hurt!
You die...

##.#####.#.#
#.....##.#.#
#####.##.#.#
#.#...##.#.#
#.#.####.#.#
#<...#...#.#
#######.#.#.#
........#.#.#####
##@#.......#
#..#.#.....#
#..#.#######
#..#........
#oo.........
#..########. #..#
#..#
#.############.


You could see 2 orc priests.

Vanquished Creatures
  4 adders
  An ooze (D:2)
  A dart slug (D:1)
  2 worms (D:2)
  2 leopard geckos (D:1)
  3 orcs (D:3)
  2 giant cockroaches (D:1)
  6 goblins
  3 hobgoblins (D:1)
  2 jackals (D:1)
  10 kobolds
  A quokka (D:2)
  A ball python (D:2)
  2 bats (D:2)
  A frilled lizard (D:1)
  7 rats
48 creatures vanquished.

Notes
Turn   | Place    | Note
-------+----------+-------------------------------------------
     0 | D:1      | Debik the Gargoyle Earth Elementalist began the quest for
                  | the Orb.
     0 | D:1      | Reached XP level 1. HP: 10/10 MP: 3/3
    60 | D:1      | Reached skill level 4 in Earth Magic
    63 | D:1      | Reached XP level 2. HP: 13/15 MP: 0/5
   461 | D:1      | Reached XP level 3. HP: 19/19 MP: 1/6
   466 | D:1      | Learned a level 3 spell: Stone Arrow
  1139 | D:2      | Reached skill level 5 in Earth Magic
  1139 | D:2      | Reached XP level 4. HP: 22/24 MP: 1/7
  1480 | D:2      | Found an iron altar of Okawaru.
  1870 | D:3      | Killed from afar by an orc priest

Skill      XL: |  1  2  3 |
---------------+----------+-----
Earth Magic    | 4 5 |  5.3
Short Blades   | |  0.2
Dodging        | |  1.7
Stealth        | |  2.6
Spellcasting   | |  2.9
Transmutations | |  0.7

Action                   |  1- 3 |  4- 6 || total
-------------------------+-------+-------++-------
Melee: Dagger            |    19 |       ||    19
       Short sword       |    10 |       ||    10
       Unarmed           |     2 |       ||     2
 Cast: Sandblast         |    48 |    22 ||    70
  Use: Scroll            |     2 |       ||     2
  Eat: Chunk             |     1 |       ||     1
       Ration            |       |     1 ||     1
Armor: Robe              |    14 |     1 ||    15
Dodge: Dodged            |    37 |     1 ||    38
